 Dungeon Crawl Stone Soup version 0.21-a0-578-gc6e9d75 (webtiles) character file.

79 slep the Chopper (level 4, 0/23 HPs)
             Began as a Vine Stalker Gladiator on Dec 19, 2017.
             Slain by a gnoll
             ... wielding a +0 club
              (5 damage)
             ... on level 2 of the Dungeon.
             The game lasted 00:04:01 (1130 turns).

slep the Chopper (Vine Stalker Gladiator)           Turns: 1130, Time: 00:04:02

Health: 0/23       AC:  4    Str: 16    XL:     4   Next: 38%
Magic:  0/5        EV: 13    Int:  8    God:
Gold:   105        SH:  0    Dex: 20    Spells: 3/3 levels left

rFire    . . .     SeeInvis .   a - +0 war axe
rCold    . . .     Gourm    .   (no shield)
rNeg     . . .     Faith    .   b - +0 leather armour
rPois    .         Spirit   +   c - +0 helmet
rElec    .         Reflect  .   (no cloak)
rCorr    .         Harm     .   (no gloves)
MR       .....                  (no boots)
Stlth    ++........             (no amulet)
HPRegen  0.47/turn              g - +3 ring of dexterity
MPRegen  0.09/turn              (no ring)

@: no status effects
A: fangs 2, regeneration 1, magic shield, antimagic bite, no potion heal 3, rot
immunity
a: no special abilities


You were on level 2 of the Dungeon.
You were hungry.

You visited 1 branch of the dungeon, and saw 2 of its levels.

You collected 105 gold pieces.

Inventory:

Hand Weapons
 a - a +0 war axe (weapon)
Missiles
 d - 4 throwing nets (quivered)
 n - 2 poisoned javelins
Armour
 b - a +0 leather armour (worn)
 c - a +0 helmet (worn)
Jewellery
 g - a +3 ring of dexterity (left hand)
Scrolls
 h - 2 scrolls of teleportation {unknown}
 j - 2 scrolls of remove curse {unknown}
 l - a scroll of amnesia {unknown}
 o - a scroll of random uselessness {unknown}
 p - 2 scrolls of identify {unknown}
 q - 2 scrolls of enchant weapon {unknown}
Potions
 e - a potion of flight {unknown}
 i - a potion of berserk rage {unknown}
 k - a potion of heal wounds {unknown}
 m - a potion of brilliance {unknown}
 r - a potion of haste {unknown}
Comestibles
 f - 3 rations


   Skills:
 + Level 2.1 Fighting
 + Level 3.8 Axes
 + Level 2.0 Throwing
 + Level 0.3 Armour
 + Level 2.8 Dodging
 + Level 0.5 Stealth


You had 3 spell levels left.
You didn't know any spells.

Dungeon Overview and Level Annotations

Branches:
Dungeon (2/15)

Altars:


Innate Abilities, Weirdness & Mutations

You have extremely sharp teeth.
Your natural rate of healing is unusually fast.
When hurt, damage is shared between your health and your magic reserves.
Your bite disrupts and absorbs the magic of your enemies.
Potions cannot restore your health.
You are immune to rotting.


Message History

The gnoll misses you.
You hit the gnoll. You bite the gnoll. You drain its power.
You feel invigorated.
The gnoll is severely wounded.
The gnoll misses you.
You closely miss the gnoll. You bite the gnoll. You drain its power.
The gnoll is severely wounded.
The gnoll misses you.
The gnoll hits you from afar with a halberd!
You barely miss the gnoll.
The gnoll is severely wounded.
The gnoll closely misses you. x2
The gnoll hits you with a club.
* * * LOW HITPOINT WARNING * * *
The gnoll hits you with a halberd.
* * * LOW HITPOINT WARNING * * *
You slash the gnoll! Your bite misses the gnoll.
The gnoll is severely wounded.
You closely miss the gnoll. The gnoll hits you with a club!
You die...

###.....### #.........#
##.####....#
#)..#.#.#..#
#.##.#.##..#
#.#(###.#..# ######
##.##.#.##..# .....#
#..#.#.#....# .....#
#..@.####...# .....#
...##).gg....[.## ######
....##.#####....#
#....##)#####...##
########....##.#....)###
............##.#.#####
............##.#.#
...........# #.#.#
........>..# #.#.#####


You could see 2 gnolls.

Vanquished Creatures
  Terence (D:2)
  A gnoll (D:2)
  An ooze (D:2)
  A worm (D:2)
  3 dart slugs
  A leopard gecko (D:1)
  6 goblins
  4 hobgoblins (D:1)
  A ball python (D:1)
  5 bats
  5 frilled lizards
  A kobold (D:1)
  5 rats
35 creatures vanquished.

Notes
Turn   | Place    | Note
-------+----------+-------------------------------------------
     0 | D:1      | slep the Vine Stalker Gladiator began the quest for the Orb.
     0 | D:1      | Reached XP level 1. HP: 11/11 MP: 2/2
   141 | D:2      | Reached XP level 2. HP: 15/15 MP: 3/3
   177 | D:2      | Noticed Terence
   307 | D:1      | Reached skill level 3 in Axes
   601 | D:1      | Reached XP level 3. HP: 18/18 MP: 4/4
  1119 | D:2      | Killed Terence
  1119 | D:2      | Gained mutation: Your natural rate of healing is unusually fast. [Vine Stalker growth]
  1119 | D:2      | Reached XP level 4. HP: 12/23 MP: 3/5
  1130 | D:2      | Slain by a gnoll

Vault maps used:
D:1:      lemuel_arrival_hallway
D:2:      first_ration, minmay_hexomino_f4, uniq_terence

Skill      XL: |  1  2  3 |
---------------+----------+-----
Axes           | 3 |  3.8
Throwing       | 2 |  2.0
Fighting       | 2 |  2.1
Armour         | |  0.3
Dodging        | |  2.8
Stealth        | |  0.5

Action                   |  1- 3 |  4- 6 || total
-------------------------+-------+-------++-------
Melee: War axe           |    76 |     6 ||    82
       Bite              |    23 |     3 ||    26
 Stab: Sleeping          |     4 |       ||     4
Armor: Leather armour    |    27 |       ||    27
Dodge: Dodged            |    46 |     6 ||    52

Table legend:
 A = Spawn XP
 B = Non-spawn XP
 C = Spawn XP percentage of total XP
 D = Spawn monster count
 E = Non-spawn monster count
 F = Spawn count percentage of total count
 G = Total turns spent on level
                    A         B        C        D         E        F      G
               +---------+---------+-------+---------+---------+-------+---------
         Total |       0 |     114 |   0.0 |       0 |      35 |   0.0 |  1130
               +---------+---------+-------+---------+---------+-------+---------
           D:1 |       0 |      37 |   0.0 |       0 |      22 |   0.0 |   613
           D:2 |       0 |      77 |   0.0 |       0 |      13 |   0.0 |   517
               +---------+---------+-------+---------+---------+-------+---------
